 Dungeon Crawl Stone Soup version 0.24.0-1-gfbc8707 (webtiles) character file.

Game seed: 7274405797528433046, levelgen mode: deterministic

380 TheGoonsmith the Sneak (level 6, 0/30 HPs)
             Began as a Spriggan Enchanter on Oct 26, 2019.
             Killed from afar by an orc wizard (4 damage)
             ... with a magic dart
             ... on level 3 of the Dungeon on Oct 27, 2019.
             The game lasted 00:18:57 (6855 turns).

TheGoonsmith the Sneak (Spriggan Enchanter)         Turns: 6855, Time: 00:18:58

Health: 0/30       AC:  2    Str:  4    XL:     6   Next: 46%
Magic:  5/11       EV: 19    Int: 17    God:
Gold:   243        SH:  0    Dex: 18    Spells: 5/11 levels left

rFire    . . .     SeeInvis +   a - +2 dagger
rCold    . . .     Gourm    .   (shield restricted)
rNeg     . . .     Faith    .   b - +0 robe
rPois    .         Spirit   .   (helmet restricted)
rElec    .         Reflect  .   (no cloak)
rCorr    .         Harm     .   (gloves unavailable)
MR       +....                  (boots unavailable)
Stlth    +++.......             k - amulet of magic regeneration
HPRegen  0.10/turn              (no ring)
MPRegen  0.37/turn              (no ring)

@: starving, drained, very quick
A: very small, unfitting armour, see invisible, herbivore, speed 3, slow
metabolism 2
a: no special abilities


You were on level 3 of the Dungeon.
You were starving.

You visited 1 branch of the dungeon, and saw 4 of its levels.

You collected 243 gold pieces.

Inventory:

Hand Weapons
 a - a +2 dagger (weapon)
Missiles
 e - 8 poisoned darts (quivered)
Armour
 b - a +0 robe (worn)
Jewellery
 k - an amulet of magic regeneration (around neck)
Scrolls
 c - a scroll of magic mapping
 g - a scroll of remove curse
 i - 2 scrolls of identify
 m - 3 scrolls of fear
Potions
 h - a potion of brilliance {unknown}
 j - a potion of agility {unknown}
 p - 2 potions of curing
Comestibles
 d - 2 rations


   Skills:
 - Level 1.0(0.3) Fighting
 - Level 5.2(4.4) Short Blades
 - Level 4.0(3.2) Dodging
 + Level 6.1(5.4) Stealth
 - Level 3.0(2.2) Spellcasting
 + Level 4.8(4.0) Hexes


You had 5 spell levels left.
You knew the following spells:

 Your Spells              Type           Power        Failure   Level  Hunger
a - Corona                Hex            ###....      3%          1    #......
b - Ensorcelled Hibernat  Hex/Ice        #.....       12%         2    ###....
c - Confuse               Hex            ###.....     11%         3    ###....

Your spell library contained the following spells:

 Spells                   Type           Power        Failure   Level  Hunger
 Tukima's Dance           Hex            ###.....     11%         3    ###....
 Dazzling Spray           Conj/Hex       #.....       24%         3    ###....


Dungeon Overview and Level Annotations

Branches:
Dungeon (4/15)
 Temple: D:4-7

Altars:
Beogh


Innate Abilities, Weirdness & Mutations

You are very small and have problems with some larger weapons.
You are too small for most types of armour.
You have supernaturally acute eyesight. (SInv)
You are a herbivore.
You cover ground extremely quickly.
You need to consume almost no food.


Message History

The magic dart hits you.
You hit the orc wizard but do no damage.
The orc wizard is moderately wounded.
The orc wizard hits you with a +0 dagger.
The orc misses you. The orc wizard completely misses you.
The orc wizard casts a spell at you. The puff of flame hits you!
* * * LOW HITPOINT WARNING * * *
Casting: Confuse (safe; 11% risk of failure)
Confirm with . or Enter, or press ? or * to list all spells.
Aiming: Confuse (safe; 11% risk of failure)
Press: ? - help, Shift-Dir - straight line, f/p - orc wizard
Aim: an orc wizard, wielding a +0 dagger and wearing a +0 robe (moderately wounded, fast, slightly transparent, chance to defeat MR: 46%)
The orc wizard resists with some effort.
You are starving!
You don't have the energy to cast that spell.
There is a stone staircase leading up here.
The orc wizard points at you and mumbles some strange words.
The magic dart hits you.
You die...

#################.# #...
####.................# #.##
.............o....#### #.#
.###.###.###.####.## #.# .###.#
#.# #.o.....# #.#
..##.###.########o.###### #.#
#............).....[>...# #.#
..######.##.#####..)###.# #.# .##
#........@.....#.### #.# .#
#.#######....#.....# #.# .## #.#
#...##.#.#.####.##
..######.#######)..............).
.)[...............###.#.#.##.#...
..##############.## #.....##.###.
.## #.# ###.########'
.############ #.# #.# ##....
..........).# #)# #.# ##.....


You could see an orc wizard.

Vanquished Creatures
  3 orc priests (D:3)
  A hound (D:4)
  2 orc wizards (D:3)
  9 adders
  2 oozes (D:2)
  5 worms
  3 dart slugs (D:1)
  3 leopard geckos
  13 orcs
  2 ball pythons
  5 bats
  5 giant cockroaches
  6 goblins
  10 hobgoblins
  7 jackals
  5 kobolds
  3 quokkas (D:2)
  7 frilled lizards
  A quokka skeleton (D:4)
  3 rats
95 creatures vanquished.

Notes
Turn   | Place    | Note
-------+----------+-------------------------------------------
     0 | D:1      | TheGoonsmith the Spriggan Enchanter began the quest for the
                  | Orb.
     0 | D:1      | Reached XP level 1. HP: 9/9 MP: 5/5
   197 | D:1      | Reached XP level 2. HP: 13/13 MP: 6/6
  1003 | D:1      | Reached XP level 3. HP: 12/16 MP: 8/8
  1110 | D:1      | Reached skill level 5 in Stealth
  1369 | D:2      | Learned a level 2 spell: Ensorcelled Hibernation
  1373 | D:2      | Learned a level 3 spell: Confuse
  1934 | D:2      | Reached XP level 4. HP: 18/21 MP: 9/9
  4077 | D:3      | Reached XP level 5. HP: 24/24 MP: 4/10
  4725 | D:3      | Reached skill level 5 in Short Blades
  5001 | D:3      | Reached skill level 1 in Fighting
  5222 | D:3      | Found a roughly hewn altar of Beogh.
  5339 | D:3      | Reached XP level 6. HP: 24/30 MP: 7/11
  6526 | D:3      | Reached skill level 6 in Stealth
  6855 | D:3      | Killed from afar by an orc wizard

Levels and vault maps discovered:
D:1:      psy_arrival_terrarium, layout_rooms, hangedman_decor_lopped
D:2:      layout_loops_corners, dk_vineyard_3
D:3:      kennysheep_big_flooded_room, layout_loops_ring, first_ration,
          kennysheep_orc_chapel
D:4:      layout_rooms, serial_curves, eino_curves_01, eino_curves_03,
          uniq_blork_the_orc

Skill      XL: |  1  2  3  4  5  6 |
---------------+-------------------+-----
Spellcasting   | 3 |  3.0
Hexes          | 4 |  4.8
Stealth        | 5 6 |  6.1
Short Blades   | 2 4 5 |  5.2
Dodging        | 4 |  4.0
Fighting       | 1 |  1.0

Action                   |  1- 3 |  4- 6 || total
-------------------------+-------+-------++-------
Melee: Dagger            |   140 |   246 ||   386
Throw: Dart              |    54 |    22 ||    76
 Cast: Ensorcelled Hiber |       |    26 ||    26
       Confuse           |       |    36 ||    36
  Use: Scroll            |       |    11 ||    11
       Potion            |       |     1 ||     1
 Stab: Sleeping          |     9 |    19 ||    28
       Confused          |       |     8 ||     8
       Distracted        |       |     1 ||     1
  Eat: Ration            |       |     4 ||     4
Armor: Robe              |    13 |    12 ||    25
Dodge: Dodged            |    98 |   179 ||   277
